 Dungeon Crawl Stone Soup version 0.31-a0-1447-g87ca8d402b (webtiles) character file.

Game seed: 11880929222215422286

231 Laraso the Cudgeller (level 6, -6/62 HPs)
             Began as an Oni Cinder Acolyte on Dec 27, 2023.
             Was a High Priest of Ignis.
             Mangled by Menkaure (16 damage)
             ... on level 4 of the Dungeon.
             The game lasted 00:01:49 (809 turns).

Laraso the Cudgeller (Oni Cinder Acolyte)            Turns: 809, Time: 00:01:50

Health: -6/62      AC:  3    Str: 19    XL:     6   Next: 3%
Magic:  1/10       EV:  9    Int: 17    God:    Ignis [*****.]
Gold:   17         SH:  0    Dex:  4    Spells: 9/11 levels left

rFire   + . .        a - -1 mace (flame)
rCold   . . .        (no shield)
rNeg    . . .        b - +0 robe
rPois   .            (helmet restricted)
rElec   .            (no cloak)
rCorr   .            (gloves unavailable)
SInv    .            (boots unavailable)
Will    .....        h - amulet of the acrobat
Stlth   +            (no ring)
HPRegen 0.30/turn    (no ring)
MPRegen 0.12/turn

%: acrobat
@: no status effects
A: large, unfitting armour, horns 1, tough skin 1, double potion healing,
drunken brawling
a: Renounce Religion, Fiery Armour, Foxfire Swarm, Rising Flame


You were on level 4 of the Dungeon.
You worshipped Ignis.
Ignis was extremely pleased with you.
You visited 1 branch of the dungeon, and saw 3 of its levels.

You collected 17 gold pieces.

Inventory:

Hand Weapons
 a - a -1 mace of flaming (weapon)
Armour
 b - a +0 robe (worn)
Jewellery
 h - an amulet of the acrobat (around neck)
 i - a ring of flight
Scrolls
 c - a scroll of poison
 d - a scroll of vulnerability {unknown}
 f - a scroll of identify {unknown}
 g - a scroll of immolation {unknown}
Potions
 e - a potion of mutation {unknown}


   Skills:
 - Level 4.0 Fighting
 * Level 5.8 Maces & Flails
 - Level 3.0 Spellcasting
 - Level 3.0 Fire Magic


You had 9 spell levels left.
You knew the following spells:

 Your Spells              Type           Power      Damage    Failure   Level
a - Scorch                Fire           24%        2d6       8%          2

Your spell library contained the following spells:

 Spells                   Type           Power      Damage    Failure   Level
 Apportation              Tloc           4%         N/A       17%         1
 Necrotise                Necr           8%         1d4       17%         1
 Sting                    Conj/Alch      8%         1d3       17%         1
 Summon Small Mammal      Summ           8%         N/A       17%         1
 Lesser Beckoning         Tloc           4%         N/A       26%         2
 Gell's Gravitas          Tloc           2%         N/A       45%         3
 Teleport Other           Tloc           2%         N/A       45%         3


Dungeon Overview and Level Annotations

Branches:
Dungeon (2/15)

Altars:

Shops:
D:1 =

Annotations:
D:4 Menkaure


Innate Abilities, Weirdness & Mutations

You are too large for most types of armour.
You have a pair of small horns on your head.
You have tough skin. (AC +1)
You gain doubled healing and magic from potions.
Whenever you drink a healing potion, you attack all around you.


Message History

Unknown command.
Unknown command.
You hit Edmund but do no damage. Your headbutt misses Edmund.
Edmund is heavily wounded.
An endoplasm comes into view.
Edmund is engulfed in poison gas.
Edmund looks as sick as possible!
Edmund says, "People accused me of being a cutpurse!"
Edmund hits you with a +1 flail of protection.
Menkaure calls on the powers of darkness!
Edmund convulses!
Your body is wracked with pain!
The endoplasm convulses!
You hit Edmund but do no damage. You headbutt Edmund, but do no damage.
Edmund is almost dead.
Edmund is engulfed in poison gas.
Edmund looks as sick as possible!
You kill Edmund!
Your Maces & Flails skill increases to level 5!
You have reached level 6!
You feel stronger.
Casting: Scorch (safe; 8% risk of failure)
Confirm with . or Enter, or press ? or * to list all spells.
Flames lash Menkaure.
Menkaure is burned terribly!
Menkaure is moderately damaged.
Menkaure's fire resistance burns away.
Menkaure gestures at you while chanting.
You struggle to resist.
Unknown command.
Casting: Scorch (safe; 8% risk of failure)
Confirm with . or Enter, or press ? or * to list all spells.
Flames lash Menkaure.
Menkaure is burned terribly!
Menkaure is heavily damaged.
Unknown command.
Unknown command.
Unknown command.
Casting: Scorch (safe; 8% risk of failure)
Confirm with . or Enter, or press ? or * to list all spells.
Flames lash Menkaure.
Menkaure is burned terribly!
Menkaure is severely damaged.
Menkaure hits you!!
* * * LOW HITPOINT WARNING * * *
Menkaure hits you!
You die...

# ##.# ### ##..###.#....
..######...#.......
#.[........#......
#..........#......######
###...#....# .......○☼°#
#...####.# #.# #.§○§°#
###...####.###§###§○°.§###.#
.........°.§§.§○@M☼J§.=°...?
#############§#§##°§°○§###.#
######### #.#§##.§§§§#
###.......###.°☼.#######
.....).....))°§§..#
###.......#######.#
#.......# ... #.......#
..... #.......# .....#


You could see Menkaure (fast, combustible) and an endoplasm.

Vanquished Creatures
  Edmund (D:4)
  A phantom (D:4)
  An orc wizard (D:4)
  4 orcs (D:4)
  3 ball pythons
  2 endoplasms (D:1)
  3 goblins
  A hobgoblin (D:1)
  2 quokkas (D:1)
  2 bats
  2 frilled lizards
  A kobold (D:1)
  5 rats (D:1)
28 creatures vanquished.

Notes
Turn   | Place    | Note
-------+----------+-------------------------------------------
     0 | D:1      | Laraso the Oni Cinder Acolyte began the quest for the Orb.
     0 | D:1      | Reached XP level 1. HP: 24/24 MP: 2/2
    35 | D:1      | Reached XP level 2. HP: 25/32 MP: 2/4
   138 | D:1      | Learned a level 2 spell: Scorch
   193 | D:1      | Found Umasaeti's Jewellery Shop.
   537 | D:2      | You fall into a shaft and drop 2 floors!
   561 | D:4      | Reached XP level 3. HP: 35/39 MP: 2/5
   564 | D:4      | Reached skill level 4 in Maces & Flails
   596 | D:4      | Noticed a phantom
   600 | D:4      | Killed a phantom
   601 | D:4      | Reached XP level 4. HP: 48/48 MP: 2/8
   601 | D:4      | Reached XP level 5. HP: 54/54 MP: 2/9
   793 | D:4      | Noticed Edmund
   800 | D:4      | Noticed Menkaure
   806 | D:4      | Killed Edmund
   807 | D:4      | Reached skill level 5 in Maces & Flails
   807 | D:4      | Reached XP level 6. HP: 30/62 MP: 7/10
   809 | D:4      | Mangled by Menkaure

Illustrated notes

Levels and vault maps discovered:
D:1:      onia_arrival_handbag, layout_rooms, serial_shops,
          nicolae_shop_behind_doors
D:2:      layout_basic, grunt_decor_junction, chequers_serial_rivers_micro_e
D:4:      layout_basic, kennysheep_generic_room_3, uniq_menkaure, uniq_edmund

Skill      XL: |  1  2  3  4  5 |
---------------+----------------+-----
Fire Magic     | 3 |  3.0
Maces & Flails | 4 5 |  5.8
Spellcasting   | 3 |  3.0
Fighting       | |  4.0

Action                     |  1- 3 |  4- 6 || total
---------------------------+-------+-------++-------
  Melee: Mace              |    40 |     8 ||    48
         Headbutt          |     5 |     1 ||     6
   Cast: Scorch            |     9 |     4 ||    13
 Invoke: Fiery Armour      |     1 |       ||     1
    Use: Scroll            |       |     1 ||     1
 Armour: Robe              |    32 |     6 ||    38
  Dodge: Dodged            |    31 |     4 ||    35

Table legend: (Time is in decaauts)
 A = Elapsed time spent in this place.
 B = Non-inter-level travel time spent in this place.
 C = Inter-level travel time spent in this place.
 D = Time resting spent in this place.
 E = Time spent auto-exploring this place.
 F = Levels seen in this place.
 G = Mean time per level.
                   A        B        C        D        E       F      G
               +--------+--------+--------+--------+--------+-----+--------+
         Total |    818 |    814 |      4 |     60 |    528 |   3 |  272.7 |
       Dungeon |    818 |    814 |      4 |     60 |    528 |   3 |  272.7 |
               +--------+--------+--------+--------+--------+-----+--------+

Top non-repeatable levels by time:
     D:1: 475 daAuts
     D:4: 274 daAuts
     D:2: 68 daAuts
